Unix NetHack Version 5.0.0-0 post-release - last build May 23 2026 06:08:33 (1c0ff79ee797540d5714e4e18072db0edd9e58ae,branch:main).

Game began 2026-05-26 17:22:45, ended 2026-05-26 19:08:18.

Koku, neutral female gnomish Wizard

                                                  #-------------
                                                  c.*..........|
                                                  @|............
                                             #####f|...........|
                                                 ##|......<....|
                                 ------------    # -------------
                                 |C.........C. ###
                                 |.....C..
                                 |   -----

Koku the Thaumaturge      St:8 Dx:12 Co:13 In:17 Wi:9 Ch:13  Neutral
Dlvl:5  $:75 HP:0(36) Pw:16(39) AC:7  Xp:6 T:2226  Stone Burdened

Latest messages:
 The chickatrice bites!
 The chickatrice touches you!
 In what direction? 6
 The spell hits the chickatrice!
 The chickatrice bites!
 The chickatrice touches you!
 You see here a cyan potion.
 You have a little trouble lifting V - a cyan potion.
 The chickatrice bites!
 The chickatrice touches you!
 You hear the chickatrice's hissing!
 What do you want to read? [iklx or ?*] x
 As you read the scroll, it disappears.
 Your hands begin to glow red.
 You miss the chickatrice.
 You hit the chickatrice.
 Your hands no longer glow so brightly red.
 The chickatrice appears confused.
 You hit the chickatrice.
 You miss the chickatrice.
 You feel more confident in your weapon skills.
 (Tip: use the #enhance command to advance them.)
 You hit the chickatrice.
 You miss the chickatrice.
 You kill the chickatrice!
 You swap places with Tulip.
 You miss the chickatrice.
 You miss the chickatrice.
 The chickatrice bites!
 The chickatrice touches you!
 You hear the chickatrice's hissing!
 You are slowing down.
 What do you want to wear? [*] d
 Which ring-finger, Right or Left? [rl] r
 d - an uncursed ring of free action (on right hand).
 Your limbs are stiffening.
 Are you sure you want to pray? [yn] (n) y
 You begin praying to Thoth.
 The chickatrice bites!
 The chickatrice touches you!
 Your limbs have turned to stone.
 You have turned to stone.
 The chickatrice bites!
 The chickatrice touches you!
 You are a statue.
 Do you want your possessions identified? [ynq] (y) y
 Do you want to see your attributes? [ynq] (y) y
 Do you want an account of creatures vanquished? [ynaq] (y) y
 Do you want to see your conduct and achievements? [ynq] (y) y
 Do you want to see the dungeon overview? [ynq] (y) y

Inventory:
 Coins    ('$')
  $ - 75 gold pieces
 Weapons  (')')
  u - 43 +0 darts
  z - a blessed +0 elven dagger (weapon in right hand)
  T - a corroded +0 knife
  a - a blessed +2 quarterstaff
 Armor    ('[')
  M - an uncursed +0 orcish helm (being worn)
  N - an uncursed +0 pair of leather gloves (being worn)
  b - an uncursed +0 cloak of magic resistance (being worn)
  U - an uncursed +1 robe
 Comestibles  ('%')
  v - a cursed apple
  t - 2 uncursed food rations
  O - 4 cursed food rations
  w - 2 uncursed lembas wafers
 Scrolls  ('?')
  i - a blessed scroll of identify
 Spellbooks  ('+')
  l - an uncursed spellbook of confuse monster
  k - a blessed spellbook of force bolt
 Potions  ('!')
  V - an uncursed potion of extra healing
  o - an uncursed potion of healing
  f - 2 uncursed potions of invisibility
  h - an uncursed potion of levitation
  g - an uncursed potion of restore ability
 Rings    ('=')
  d - an uncursed ring of free action (on right hand)
  G - a cursed -2 ring of gain strength
  r - an uncursed ring of searching
  e - an uncursed ring of stealth
  y - an uncursed ring of warning
 Wands    ('/')
  c - a wand of stasis (0:5)
  q - a wand of undead turning (0:6)
 Tools    ('(')
  n - an uncursed lock pick
  m - a magic marker (0:19)
  Q - a cursed oil lamp
  P - a cursed partly used wax candle
 Gems/Stones  ('*')
  j - an uncursed worthless piece of orange glass
  p - an uncursed worthless piece of violet glass
  R - an uncursed worthless piece of yellow glass
  S - a cursed worthless piece of yellowish brown glass
  H - 3 uncursed flint stones

Koku the Wizard's attributes:

Background:
 You were a Thaumaturge, a level 6 female gnomish Wizard.
 You were neutral, on a mission for Thoth
 who was opposed by Ptah (lawful) and Anhur (chaotic).
 You were right-handed.
 You were in the Dungeons of Doom, on level 5.
 You entered the dungeon 2226 turns ago.
 You had 498 experience points, 142 more were needed to attain level 7.

Basics:
 You had 0 out of 36 hit points.
 You had 16 out of 39 energy points (spell power).
 Your armor class was 7.
 Your wallet contained 75 zorkmids.
 Autopickup was off.

Final Characteristics:
 Your strength was 8 (peak:12, limit:18/50).
 Your dexterity was 12 (limit:18).
 Your constitution was 13 (limit:18).
 Your intelligence was 17 (limit:19).
 Your wisdom was 9 (limit:18).
 Your charisma was 13 (limit:18).

Final Status:
 You turned into stone.
 You weren't hungry.
 You were burdened; movement was slightly slowed.
 You were wielding a dagger.
 You were unskilled in dagger and could have enhanced that.

Final Attributes:
 You were devoutly aligned.
 You were magic-protected.
 You were telepathic.
 You had infravision.
 You would have confused monsters when hitting them.
 You were warded.
 You had free action.
 You were unlucky.
 You are dead.

Miscellaneous:
 You encountered 1 bones level.
 Total elapsed playing time was 14 minutes and 23 seconds.

Major events:
 Turn
    1: Koku the neutral female gnomish Wizard entered the dungeon
  790: entered the Gnomish Mines
  811: attained the rank of Conjurer (level 3)
 2179: attained the rank of Thaumaturge (level 6)
 2226: petrified by a chickatrice

Spells:
 Name                 Level Category     Fail Retention
 force bolt             1   attack         0%   81%-90%
 confuse monster        1   enchantment    0%   81%-90%

Skills:
 Fighting Skills
   bare handed combat [Unskilled]
   riding             [Unskilled]
 Weapon Skills
   dagger             [Unskilled]
   knife              [Unskilled]
   axe                [Unskilled]
   short sword        [Unskilled]
   club               [Unskilled]
   mace               [Unskilled]
   quarterstaff       [Basic]
   polearms           [Unskilled]
   spear              [Unskilled]
   trident            [Unskilled]
   sling              [Unskilled]
   dart               [Unskilled]
   shuriken           [Unskilled]
 Spellcasting Skills
   attack spells      [Basic]
   healing spells     [Unskilled]
   divination spells  [Unskilled]
   enchantment spells [Basic]
   clerical spells    [Unskilled]
   escape spells      [Unskilled]
   matter spells      [Unskilled]

Voluntary challenges:
 Character rerolling was not enabled.
 You never genocided any monsters.
 You never polymorphed an object.
 You never changed form.
 You used no wishes.
Achievements:
 You entered a shop.
 You entered the Gnomish Mines.
 You attained the rank of Conjurer.
 You attained the rank of Thaumaturge.

 The Dungeons of Doom: levels 1 to 5
    Level 1:
       An altar.
    Level 2:
       A ring shop.
       Stairs down to The Gnomish Mines.
    Level 3:
       Some altars, a fountain.
    Level 4:
       Some fountains.
    Level 5: <- You were here.
       A grave.
       Final resting place for
          you, petrified by a chickatrice,
          levoittiel-Cav-Dwa-Fem-Law, killed by an ogre,
          SaltwaterTaft-Val-Hum-Fem-Law, killed by a snake.
 The Gnomish Mines:
    Level 3:


Vanquished creatures:
  3 chickatrices
  a shrieker
  a floating eye
  a dwarf
  a homunculus
  a kobold leader
 an iguana
 an acid blob
  3 hobbits
  a yellow mold
  3 geckos
  5 jackals
  a fox
  2 kobolds
  2 goblins
  a sewer rat
  2 grid bugs
  a bat
  5 lichens
  a kobold zombie
  5 newts
42 creatures vanquished.

No species were genocided or became extinct.

Game over:
                       ----------
                      /          \
                     /    REST    \
                    /      IN      \
                   /     PEACE      \
                  /                  \
                  |       Koku       |
                  |      75 Au       |
                  |  petrified by a  |
                  |   chickatrice    |
                  |                  |
                  |                  |
                  |       2026       |
                 *|     *  *  *      | *
        _________)/\\_//(\/(/\)/\//\/|_)_______

Goodbye Koku the Wizard...

You turned to stone in The Dungeons of Doom on dungeon level 5 with 2260 points,
and 75 pieces of gold, after 2226 moves.
You were level 6 with a maximum of 36 hit points when you turned to stone.

